 Dungeon Crawl Stone Soup version 0.24.1-1-gd1d2a07e1b (webtiles) character file.

Game seed: 5693421345918817694, levelgen mode: deterministic

2032 grindst0ne the Chiller (level 9, -12/69 HPs)
             Began as a Gnoll Wanderer on Apr 10, 2020.
             Mangled by a polar bear (22 damage)
             ... on level 8 of the Dungeon on Apr 11, 2020.
             The game lasted 00:20:59 (6626 turns).

grindst0ne the Chiller (Gnoll Wanderer)             Turns: 6626, Time: 00:21:01

Health: -12/69     AC: 10    Str: 15      XL:     9   Next: 24%
Magic:  4/15       EV:  7    Int: 19      God:
Gold:   348        SH:  0    Dex: 10 (13) Spells: 16/16 levels left

rFire    . . .     SeeInvis .   m - +3 battleaxe (freeze)
rCold    . . .     Gourm    .   (shield currently unavailable)
rNeg     . . .     Faith    .   y - +0 chain mail
rPois    +         Spirit   .   (no helmet)
rElec    .         Reflect  .   (no cloak)
rCorr    .         Harm     .   (no gloves)
MR       .....                  (no boots)
Stlth    ..........             q - amulet of regeneration
HPRegen  0.61/turn              h - ring of poison resistance
MPRegen  0.14/turn              C - +2 ring of protection

@: hasted, heavily drained, very quick
A: distributed training, fangs 1, strong nose
a: no special abilities


You were on level 8 of the Dungeon.
You were near starving.

You visited 1 branch of the dungeon, and saw 8 of its levels.

You collected 348 gold pieces.

Inventory:

Hand Weapons
 a - a +6 falchion of slicing
 m - a +3 battleaxe of freezing (weapon)
Missiles
 e - 8 poisoned darts
 l - 143 stones (quivered)
 v - 2 curare-tipped darts
Armour
 y - a +0 chain mail (worn)
 D - a +0 scale mail
Jewellery
 b - an uncursed amulet of harm
 g - an uncursed ring of protection from cold
 h - a ring of poison resistance (left hand)
 q - an amulet of regeneration (around neck)
 C - a +2 ring of protection (right hand)
Wands
 w - a wand of polymorph (4)
 A - a wand of random effects (25)
Scrolls
 d - 3 scrolls of teleportation
 i - 3 scrolls of enchant weapon
 j - a scroll of fear
 k - a scroll of blinking {unknown}
 p - 3 scrolls of remove curse
 r - a scroll of enchant armour
 s - 3 scrolls of immolation
 t - 2 scrolls of fog {unknown}
 x - 2 scrolls of amnesia
 B - a scroll of magic mapping {unknown}
Potions
 c - a potion of mutation
 n - a potion of lignification
 u - 2 potions of invisibility {unknown}
 z - 3 potions of curing
Comestibles
 f - 22 rations


   Skills:
 + Level 6.1(4.5) Fighting
 + Level 6.1(4.5) Short Blades
 + Level 4.0(2.4) Long Blades
 + Level 4.0(2.4) Axes
 + Level 4.0(2.4) Maces & Flails
 + Level 4.0(2.4) Polearms
 + Level 4.0(2.4) Staves
 + Level 4.0(2.4) Slings
 + Level 4.0(2.4) Bows
 + Level 4.0(2.4) Crossbows
 + Level 4.8(3.2) Throwing
 + Level 4.0(2.4) Armour
 + Level 4.8(3.2) Dodging
 + Level 4.6(3.1) Stealth
 + Level 4.0(2.4) Shields
 + Level 4.0(2.4) Unarmed Combat
 + Level 4.0(2.4) Spellcasting
 + Level 3.2(1.7) Conjurations
 + Level 3.2(1.7) Hexes
 + Level 3.2(1.7) Charms
 + Level 3.2(1.7) Summonings
 + Level 3.2(1.7) Necromancy
 + Level 3.2(1.7) Translocations
 + Level 3.2(1.7) Transmutations
 + Level 3.2(1.7) Fire Magic
 + Level 6.4(4.8) Ice Magic
 + Level 3.2(1.7) Air Magic
 + Level 3.2(1.7) Earth Magic
 + Level 3.2(1.7) Poison Magic
 + Level 4.3(2.8) Invocations
 + Level 4.0(2.4) Evocations


You had 16 spell levels left.
You didn't know any spells.
Your spell library contained the following spells:

 Spells                   Type           Power        Failure   Level  Hunger
 Flame Tongue             Conj/Fire      #....        86%         1    #......
 Magic Dart               Conj           #...         86%         1    #......
 Searing Ray              Conj           #.....       94%         2    ##.....
 Throw Flame              Conj/Fire      #.....       94%         2    ##.....
 Conjure Flame            Conj/Fire      #.......     99%         3    ###....
 Dazzling Spray           Conj/Hex       #.....       99%         3    ###....
 Inner Flame              Hex/Fire       #.......     99%         3    ###....
 Force Lance              Conj/Tloc      #.......     100%        4    #####..
 Fulminant Prism          Conj/Hex       #.........   100%        4    #####..
 Iskenderun's Mystic Bla  Conj           #.......     100%        4    #####..
 Sticky Flame             Conj/Fire      #.......     100%        4    #####..
 Fireball                 Conj/Fire      #.........   100%        5    ######.


Dungeon Overview and Level Annotations

Branches:
Dungeon (8/15)             Temple (0/1) D:6
   Lair: D:8-11

Altars:
Nemelex Xobeh
Uskayaw

Shops:
D:4 }   D:5 [


Innate Abilities, Weirdness & Mutations

Your experience applies equally to all skills.
You have very sharp teeth.
Your uncanny sense of smell can sniff out nearby items.


Message History

The polar bear barely misses you. The polar bear bites you.
The polar bear claws you but does no damage. x2
You feel yourself speed up.
The polar bear bites you but does no damage.
The polar bear barely misses you. The polar bear closely misses you.
You slash the polar bear! You freeze the polar bear.
The polar bear is almost dead.
The polar bear goes berserk!
You closely miss the polar bear.
The polar bear is almost dead.
The polar bear bites you but does no damage.
The polar bear claws you but does no damage.
The polar bear closely misses you.
You hit the polar bear but do no damage.
The polar bear is almost dead.
The polar bear bites you!!
* * * LOW HITPOINT WARNING * * *
The polar bear claws you but does no damage. x2
The polar bear bites you!!
You die...

#.....#.#.####..
#...............#
#.###.#.#.####.##
#.#.#... #.#.######.#
# . #........... .#..
###.######.......
.#####.#######.....#
#>.........@hYY......
#.#####.###########.#
###


You could see a polar bear (berserk) and 2 yaks.

Vanquished Creatures
  Eustachio (D:4)
  An eye of draining (D:8)
  4 ogres (D:7)
  2 centaurs (D:5)
  A phantom (D:3)
  Blork the orc (D:4)
  A bullfrog (D:7)
  A water moccasin skeleton (D:7)
  3 wights (D:7)
  A bullfrog zombie (D:6)
  6 crimson imps
  A quasit (D:8)
  2 centaur zombies
  2 hounds
  An orc wizard (D:5)
  Ijyb (D:4)
  An iguana (D:4)
  6 worker ants
  A howler monkey zombie (D:5)
  A worker ant zombie (D:7)
  5 gnolls
  9 adders
  A shadow imp (D:5)
  2 oozes
  4 worms
  4 dart slugs
  A leopard gecko (D:1)
  11 orcs
  3 ball pythons
  7 giant cockroaches
  9 goblins
  5 hobgoblins
  18 jackals
  11 kobolds
  9 quokkas
  3 bats
  3 frilled lizards
  A jackal skeleton (D:5)
  A quokka skeleton (D:5)
  5 rats
150 creatures vanquished.

Notes
Turn   | Place    | Note
-------+----------+-------------------------------------------
     0 | D:1      | grindst0ne the Gnoll Wanderer began the quest for the Orb.
     0 | D:1      | grindst0ne set off with the following items: a +2 dagger, 2
                  | curare-tipped darts, a +0 quarterstaff, a scroll of
                  | teleportation, a +0 robe, a ration
     0 | D:1      | Reached XP level 1. HP: 20/20 MP: 1/1
   124 | D:1      | Reached XP level 2. HP: 26/26 MP: 2/2
   768 | D:2      | Reached XP level 3. HP: 28/31 MP: 3/3
  1078 | D:2      | Reached skill level 1 in Invocations
  1414 | D:2      | Reached skill level 1 in Long Blades
  1414 | D:2      | Reached skill level 1 in Axes
  1414 | D:2      | Reached skill level 1 in Maces & Flails
  1414 | D:2      | Reached skill level 1 in Polearms
  1414 | D:2      | Reached skill level 1 in Staves
  1414 | D:2      | Reached skill level 1 in Slings
  1414 | D:2      | Reached skill level 1 in Bows
  1414 | D:2      | Reached skill level 1 in Crossbows
  1414 | D:2      | Reached skill level 1 in Armour
  1414 | D:2      | Reached skill level 1 in Shields
  1414 | D:2      | Reached skill level 1 in Unarmed Combat
  1414 | D:2      | Reached skill level 1 in Spellcasting
  1414 | D:2      | Reached skill level 1 in Evocations
  1456 | D:2      | Reached XP level 4. HP: 24/38 MP: 5/5
  2026 | D:3      | Reached skill level 1 in Conjurations
  2026 | D:3      | Reached skill level 1 in Hexes
  2026 | D:3      | Reached skill level 1 in Charms
  2026 | D:3      | Reached skill level 1 in Summonings
  2026 | D:3      | Reached skill level 1 in Necromancy
  2026 | D:3      | Reached skill level 1 in Translocations
  2026 | D:3      | Reached skill level 1 in Transmutations
  2026 | D:3      | Reached skill level 1 in Fire Magic
  2026 | D:3      | Reached skill level 1 in Air Magic
  2026 | D:3      | Reached skill level 1 in Earth Magic
  2026 | D:3      | Reached skill level 1 in Poison Magic
  2060 | D:3      | Noticed a phantom
  2391 | D:3      | Reached XP level 5. HP: 31/43 MP: 6/6
  2728 | D:3      | Killed a phantom
  3037 | D:3      | Reached XP level 6. HP: 49/50 MP: 8/8
  3368 | D:4      | Noticed Eustachio
  3395 | D:4      | HP: 2/50 [white imp[Eustachio] (3)]
  3578 | D:4      | Killed Eustachio
  3578 | D:4      | Reached skill level 5 in Fighting
  3578 | D:4      | Reached skill level 5 in Short Blades
  3588 | D:4      | Found Wiesi's Gadget Boutique.
  3639 | D:4      | Noticed Blork the orc
  3656 | D:4      | Killed Blork the orc
  3656 | D:4      | Reached XP level 7. HP: 37/56 MP: 10/10
  3884 | D:4      | Noticed Ijyb
  3895 | D:4      | Killed Ijyb
  4349 | D:5      | Entered Level 5 of the Dungeon
  4400 | D:5      | Found Weujunt's Armour Shoppe.
  4416 | D:5      | Found a sparkling altar of Nemelex Xobeh.
  4664 | D:5      | Found a hide-covered altar of Uskayaw.
  4727 | D:5      | Reached XP level 8. HP: 45/63 MP: 12/12
  5446 | D:6      | Found a staircase to the Ecumenical Temple.
  5982 | D:7      | HP: 2/64 [ogre/+0 giant club (27)]
  6303 | D:7      | Reached XP level 9. HP: 51/69 MP: 14/14
  6615 | D:8      | Noticed a polar bear
  6626 | D:8      | Mangled by a polar bear

Levels and vault maps discovered:
D:1:      lightli_arrival_flooded_house, layout_loops_ring, nrook_mini_backslash
D:2:      layout_basic
D:3:      layout_basic, minmay_fractal_squares_diagonal_5
D:4:      layout_basic, serial_shops, shop, first_ration,
          minmay_misc_feat_columns, uniq_eustachio, uniq_blork_the_orc,
          uniq_ijyb
D:5:      layout_cave_pools, lemuel_doored_altar, serial_shops,
          nicolae_shop_window_shopping, basic_altar
D:6:      layout_gridville, minmay_temple_entry_mist
D:7:      layout_cave_pools, hangedman_abyss_or_decor_stabs, grunt_ogre_cave
D:8:      layout_basic, serial_ice, serial_ice_h, serial_ice_d, serial_ice_k,
          serial_ice_f, serial_ice_a, serial_ice_c, serial_ice_g,
          zaba_antful_of_joy

Skill      XL: |  1  2  3  4  5  6  7  8  9 |
---------------+----------------------------+-----
Invocations    | 1 2 3 4 |  4.3
Long Blades    | 1 2 3 4 |  4.0
Axes           | 1 2 3 4 |  4.0
Maces & Flails | 1 2 3 4 |  4.0
Polearms       | 1 2 3 4 |  4.0
Staves         | 1 2 3 4 |  4.0
Slings         | 1 2 3 4 |  4.0
Bows           | 1 2 3 4 |  4.0
Crossbows      | 1 2 3 4 |  4.0
Armour         | 1 2 3 4 |  4.0
Shields        | 1 2 3 4 |  4.0
Unarmed Combat | 1 2 3 4 |  4.0
Spellcasting   | 1 2 3 4 |  4.0
Evocations     | 1 2 3 4 |  4.0
Conjurations   | 1 2 3 |  3.2
Hexes          | 1 2 3 |  3.2
Charms         | 1 2 3 |  3.2
Summonings     | 1 2 3 |  3.2
Necromancy     | 1 2 3 |  3.2
Translocations | 1 2 3 |  3.2
Transmutations | 1 2 3 |  3.2
Fire Magic     | 1 2 3 |  3.2
Air Magic      | 1 2 3 |  3.2
Earth Magic    | 1 2 3 |  3.2
Poison Magic   | 1 2 3 |  3.2
Throwing       | 3 4 |  4.8
Dodging        | 3 4 |  4.8
Fighting       | 5 6 |  6.1
Short Blades   | 5 6 |  6.1
Stealth        | 3 4 |  4.6
Ice Magic      | 6 |  6.4

Action                   |  1- 3 |  4- 6 |  7- 9 || total
-------------------------+-------+-------+-------++-------
Melee: Dagger            |   126 |    47 |       ||   173
       Bite              |    16 |    15 |    29 ||    60
       Trident           |       |    18 |       ||    18
       Spear             |       |   105 |       ||   105
       Punch             |       |     2 |     1 ||     3
       Falchion          |       |       |   227 ||   227
       Battleaxe         |       |       |    33 ||    33
Throw: Stone             |     8 |    64 |    18 ||    90
       Dart              |     1 |    11 |     4 ||    16
       Throwing net      |       |     2 |       ||     2
Evoke: Wand              |       |       |     6 ||     6
  Use: Scroll            |       |     3 |    10 ||    13
       Potion            |       |       |     5 ||     5
 Stab: Sleeping          |     4 |     2 |       ||     6
  Eat: Chunk             |     2 |     6 |     9 ||    17
Armor: Robe              |    20 |     4 |       ||    24
       Ring mail         |       |    41 |    11 ||    52
       Scale mail        |       |       |    79 ||    79
       Chain mail        |       |       |    65 ||    65
Dodge: Dodged            |    60 |   110 |   188 ||   358
       Rpst.: Falchion   |       |       |    52 ||    52
